 Dungeon Crawl Stone Soup version 0.31.0-12-g77e489cdc1 (webtiles) character file.

Game seed: 2891565921711271561

176 PaiMei the Grave Robber (level 5, -3/38 HPs)
             Began as a Demonspawn Necromancer on Feb 20, 2024.
             Slain by Grinder (6 damage)
             ... while paralysed by Grinder
             ... on level 2 of the Dungeon.
             The game lasted 00:03:37 (2839 turns).

PaiMei the Grave Robber (Demonspawn Necromancer)    Turns: 2839, Time: 00:03:37

Health: -3/38      AC:  2    Str:  8    XL:     5   Next: 30%
Magic:  9/9        EV:  2    Int: 18    God:
Gold:   147        SH:  0    Dex: 13    Spells: 9/10 levels left

rFire   . . .        o - +1 dagger (venom)
rCold   . . .        (no shield)
rNeg    . . .        a - +0 robe
rPois   .            (no helmet)
rElec   .            (no cloak)
rCorr   .            (no gloves)
SInv    .            (no boots)
Will    .....        (no amulet)
Stlth   ++           (no ring)
HPRegen 0.26/turn    (no ring)
MPRegen 0.11/turn

%: no passive effects
@: paralysed
A: claws 1
a: no special abilities


You were on level 2 of the Dungeon.
You visited 1 branch of the dungeon, and saw 3 of its levels.

You collected 147 gold pieces.

Inventory:

Hand Weapons
 o - a +1 dagger of venom (weapon)
Missiles
 q - 3 poisoned darts (quivered)
Armour
 a - a +0 robe (worn)
Jewellery
 k - a ring of ice
Scrolls
 c - 3 scrolls of identify {unknown}
 d - 2 scrolls of amnesia {unknown}
 f - a scroll of noise {unknown}
 h - 2 scrolls of fear {unknown}
 l - a scroll of fog {unknown}
 m - a scroll of vulnerability {unknown}
 s - a scroll of enchant armour {unknown}
Potions
 b - 2 potions of magic
 e - 2 potions of mutation {unknown}
 g - a potion of cancellation {unknown}
 i - 2 potions of heal wounds {unknown}
 j - a potion of haste {unknown}
 n - a potion of degeneration {unknown}
 p - a potion of lignification {unknown}
 r - a potion of curing {unknown}
 t - a potion of attraction {unknown}


   Skills:
 + Level 1.8 Fighting
 + Level 2.9 Dodging
 - Level 2.2 Stealth
 + Level 3.0 Spellcasting
 + Level 5.2 Necromancy


You had 9 spell levels left.
You knew the following spells:

 Your Spells              Type           Power      Damage    Failure   Level
a - Necrotise             Necr           84%        1d8       1%          1

Your spell library contained the following spells:

 Spells                   Type           Power      Damage    Failure   Level
 Vampiric Draining        Necr           21%        2d7       5%          3
 Freeze                   Ice            8%         1d3       16%         1
 Animate Dead             Necr           21%        N/A       19%         4
 Frozen Ramparts          Ice            4%         1d1       43%         3
 Hailstorm                Conj/Ice       2%         3d5       43%         3
 Curse of Agony           Necr           21%        N/A       45%         5


Dungeon Overview and Level Annotations

Branches:
Dungeon (3/15)

Altars:
Gozag

Annotations:
D:2 Grinder
D:3 2 transporters, PriceMaster's ghost, amateur MiFi


Innate Abilities, Weirdness & Mutations

You have sharp fingernails.


Message History

Level annotation: 2 transporters, Grinder; PriceMaster's ghost, amateur MiFi
There is a stone staircase leading up here.
Found 4 stones.
Grinder shouts!
Grinder says, "Wait up."
Grinder blinks!
Grinder blinks!
Grinder closely misses you. Grinder attacks as she pursues you!
Grinder closely misses you.
There is a stone staircase leading up here.
Grinder completely misses you.
You climb upwards.
There is a stone staircase leading down here.
You closely miss Grinder. Grinder hits you!
You writhe in agony.
You barely miss Grinder. Grinder barely misses you.
You closely miss Grinder.
Grinder blinks!
Grinder gestures at you. You resist with significant effort.
You hit Grinder but do no damage. Grinder hits you.
You hit Grinder.
Grinder is poisoned.
Grinder is lightly wounded.
Grinder hits you.
You writhe in agony.
You hit Grinder.
Grinder is lightly wounded.
Grinder closely misses you.
You hit Grinder but do no damage.
Grinder is moderately wounded.
Grinder gestures at you.
You suddenly lose the ability to move!
Grinder hits you!
* * * LOW HITPOINT WARNING * * *
Grinder hits you.
* * * LOW HITPOINT WARNING * * *
You writhe in agony.
* * * LOW HITPOINT WARNING * * *
Grinder gestures at you.
You shrug off the repeated paralysis!
Grinder hits you.
You die...
Grinder says, "Hey, I wasn't done torturing you yet!"

###.#######...#......# #..#.
#.............+......# ##..##
###.#######.#.#.....^# #....#
#.# #.#.#......# #.#.## #.#
#.#.#......######.#.#. #.#
#.#.................#. #.#
#.#..######......##รท).
###.#######.#.5######......##)##
#..<.........>.@....'......##...
###########.#..######......##...
#....# #......##### #.#.##
#......# # #)..# #......# ###
#.### ###..### #.. #.#
##...###.. #.# ###...'.. ###.#
#####..


You could see Grinder (poisoned).

Vanquished Creatures
  An orc priest (D:3)
  An orc wizard (D:3)
  3 adders
  A gnoll (D:1)
  A ribbon worm (D:2)
  2 dart slugs (D:1)
  7 orcs (D:3)
  7 bats
  3 endoplasms
  3 giant cockroaches
  4 hobgoblins
  6 jackals
  2 quokkas
  5 ball pythons
  4 frilled lizards
  7 goblins
  6 kobolds
  5 rats
68 creatures vanquished.

Vanquished Creatures (collateral kills)
  An endoplasm (D:3)
  2 goblins (D:1)
  A frilled lizard (D:2)
4 creatures vanquished.

Grand Total: 72 creatures vanquished

Notes
Turn   | Place    | Note
-------+----------+-------------------------------------------
     0 | D:1      | PaiMei the Demonspawn Necromancer began the quest for the
                  | Orb.
     0 | D:1      | Reached XP level 1. HP: 13/13 MP: 3/3
   223 | D:1      | Gained mutation: You have sharp fingernails. [demonic
                  | ancestry]
   223 | D:1      | Reached XP level 2. HP: 19/19 MP: 0/5
   571 | D:1      | Reached XP level 3. HP: 23/24 MP: 1/6
  1279 | D:2      | Reached XP level 4. HP: 25/31 MP: 1/7
  1551 | D:2      | Reached skill level 1 in Fighting
  1634 | D:2      | Reached skill level 5 in Necromancy
  2193 | D:3      | Noticed PriceMaster's ghost (amateur MiFi)
  2211 | D:3      | Found a transporter.
  2261 | D:3      | Found a transporter.
  2290 | D:3      | Reached XP level 5. HP: 37/37 MP: 6/9
  2589 | D:3      | Found an opulent altar of Gozag.
  2635 | D:3      | Noticed Grinder
  2835 | D:2      | Paralysed by Grinder for 5 turns
  2839 | D:2      | Slain by Grinder

Illustrated notes

Levels and vault maps discovered:
D:1:      ncdulo_halloftheorcs, layout_loops_cross, grunt_decor_cap
D:2:      layout_basic, minmay_indecisive_spiral
D:3:      layout_basic, nicolae_gozag_cash_rules_everything_around_me,
          gammafunk_ghost_arena, uniq_grinder

Skill      XL: |  1  2  3  4  5 |
---------------+----------------+-----
Stealth        | 2 |  2.2
Dodging        | 2 |  2.9
Fighting       | 1 |  1.8
Necromancy     | 5 |  5.2
Spellcasting   | 3 |  3.0

Action                     |  1- 3 |  4- 6 || total
---------------------------+-------+-------++-------
  Melee: Unarmed           |    13 |       ||    13
         Short sword       |     5 |       ||     5
         Dagger            |    24 |    27 ||    51
   Cast: Necrotise         |    59 |    50 ||   109
 Armour: Robe              |    20 |    25 ||    45
  Dodge: Dodged            |    56 |    24 ||    80
